 Dungeon Crawl Stone Soup version 0.20-a0-148-gb6cfb21 (webtiles) character file.

21041 feito the Impaler (level 12, -4/97 HPs)
             Began as a Merfolk Monk on Nov 21, 2016.
             Was a High Priest of Okawaru.
             Slain by an eight-headed hydra (5 damage)
             ... on level 10 of the Dungeon.
             The game lasted 02:19:18 (14024 turns).

feito the Impaler (Merfolk Monk)                   Turns: 14024, Time: 02:19:19

Health: -4/97      AC: 19    Str: 18 (19) XL:     12   Next: 85%
Magic:  16/16      EV: 23    Int:  9 (11) God:    Okawaru [*****.]
Gold:   785        SH:  0    Dex: 19 (22) Spells: 11/11 levels left

rFire  . . .     SeeInvis .     b - +2 halberd (protect)
rCold  . . .     Gourm    .     G - +2 ring mail {MR+}
rNeg   + . .     Faith    .     (shield currently unavailable)
rPois  .         Spirit   .     S - +2 helmet
rElec  .         Reflect  .     q - +0 cloak
rCorr  .         Harm     .     x - +0 pair of gloves
MR     +....                    O - +2 pair of boots of Ywugh {rN+ Str+7 Dex-2}
Stlth  ++++......               E - amulet of rage
                                F - +4 ring of protection
                                Z - +2 ring of slaying

@: agile, lethally poisoned (-4 -> -4), exhausted, slowed, very slow
A: change form in water, swift swim, stealthy swim
a: Heroism, Finesse, Renounce Religion, Evoke Berserk Rage


You were on level 10 of the Dungeon.
You worshipped Okawaru.
Okawaru was extremely pleased with you.
You were not hungry.

You visited 3 branches of the dungeon, and saw 15 of its levels.

You collected 785 gold pieces.

Inventory:

Hand Weapons
 a - the +8 glaive of Grontol {chop, Stlth+}
   (Okawaru gifted it to you on level 10 of the Dungeon)

   It inflicts extra damage upon your enemies.
   It makes you more stealthy.
 b - a +2 halberd of protection (weapon)
 L - a +0 blowgun
 R - a +2 war axe of draining
Missiles
 u - 77 poisoned needles
 X - 4 poisoned javelins (quivered)
Armour
 h - a +2 plate armour of cold resistance
 q - a +0 cloak (worn)
 x - a +0 pair of gloves (worn)
 G - a +2 ring mail of magic resistance (worn)
 H - a +1 chain mail of cold resistance
 J - a +0 buckler
 O - the +2 pair of boots of Ywugh (worn) {rN+ Str+7 Dex-2}
   (Okawaru gifted it to you on level 9 of the Dungeon)

   It affects your strength (+7).
   It affects your dexterity (-2).
   It protects you from negative energy.
 S - a +2 helmet (worn)
 T - +0 mottled dragon scales
Jewellery
 k - a +3 ring of evasion
 v - an uncursed ring of wizardry {unknown}
 D - an uncursed ring of protection from cold
 E - an amulet of rage (around neck)
 F - a +4 ring of protection (right hand)
 Y - an uncursed ring of protection from magic
 Z - a +2 ring of slaying (left hand)
Wands
 l - a wand of acid (7/15)
 o - a wand of enslavement (11/24)
 y - a wand of acid (7/15)
 B - a wand of slowing (13/48)
 C - a wand of disintegration (13/24)
 K - a wand of polymorph (6/24)
Scrolls
 g - 2 scrolls of enchant armour
 j - 8 scrolls of identify
 m - 5 scrolls of magic mapping
 n - 8 scrolls of remove curse
 p - a scroll of noise {unknown}
 s - 2 scrolls of teleportation {unknown}
 z - a scroll of enchant weapon {unknown}
 A - 2 scrolls of recharging {unknown}
 I - 2 scrolls of fear {unknown}
 M - a scroll of amnesia {unknown}
 V - a scroll of vulnerability {unknown}
 W - 2 scrolls of immolation {unknown}
Potions
 e - a potion of lignification {unknown}
 i - 2 potions of degeneration
 r - 2 potions of curing {unknown}
 t - a potion of haste {unknown}
 w - a potion of berserk rage {unknown}
 U - a potion of magic {unknown}
Miscellaneous
 f - a phial of floods
Comestibles
 c - 12 bread rations
 d - 6 meat rations
 P - 3 fruits
 Q - 8 slices of pizza


   Skills:
 + Level 10.2 Fighting
 + Level 17.2 Polearms
 * Level 7.4 Throwing
 + Level 9.4 Dodging
 * Level 7.3 Stealth
 * Level 3.0 Shields
 - Level 6.5 Invocations
 * Level 5.0 Evocations


You had 11 spell levels left.
You didn't know any spells.

Dungeon Overview and Level Annotations

Branches:
Dungeon (11/15)            Temple (0/1) D:4            Lair (2/6) D:9
 Shoals (0/4) Lair:2        Snake (0/4) Lair:2          Orc (2/2) D:10
    Elf (0/3) Orc:2

Altars:
Elyvilon
Nemelex Xobeh
Okawaru
Qazlal
Sif Muna
Vehumet
Zin
The Shining One

Shops:
Orc:2 *

Annotations:
D:4 wazuzu's ghost, novice HOFi


Message History

The eight-headed hydra completely misses you. x2
The eight-headed hydra bites you!
* * * LOW HITPOINT WARNING * * *
The eight-headed hydra misses you. The eight-headed hydra bites you!
* * * LOW HITPOINT WARNING * * *
The eight-headed hydra barely misses you.
The eight-headed hydra bites you.
* * * LOW HITPOINT WARNING * * *
The eight-headed hydra bites you.
* * * LOW HITPOINT WARNING * * *
It was a potion of degeneration.
There was something very wrong with that liquid.
You feel weakened.
You feel dopey.
You feel clumsy.
* * * LOW HITPOINT WARNING * * *
You feel sick. The eight-headed hydra misses you.
The eight-headed hydra bites you but does no damage.
The eight-headed hydra completely misses you.
The eight-headed hydra barely misses you.
The eight-headed hydra bites you.
You die...

.....##.'..........# #)#
.....####....†>....# #)#
###### #..........# #.#
#........(.# #.#
####'####### #.# #..###
#.# ##...# #.#
######D##########'######
#......@...##...........
#..........#..#######.##
+...............#..)#...
#..........####.#.#.###.
############ #...#...#.
#.###.#####.
#...........
############


You could see an eight-headed hydra.

Vanquished Creatures
  An orc warlord (Orc:1)
  2 orc high priests
  Sonja (Lair:1)
  Pikel (D:6)
  An ugly thing (D:11)
  An orc sorcerer (Orc:1)
  A manticore (Lair:1)
  A black mamba (Lair:1)
  The ghost of KristoblXynda the Destroyer, a novice TeCj of Vehumet (D:7)
  2 spiny frogs (Lair:2)
  A troll (D:9)
  A hornet (D:10)
  12 blink frogs
  5 hippogriffs
  A spriggan (D:8)
  A wraith (D:10)
  14 yaks
  Edmund (D:7)
  A hungry ghost (D:8)
  5 wargs
  2 mottled dragons
  2 nagas (Lair:2)
  7 porcupines
  6 water moccasins
  Duvessa (D:7)
  An ice beast (D:6)
  11 orc warriors
  A phantom (D:10)
  An eye of draining (D:8)
  A necrophage (D:10)
  6 ogres
  5 wolves
  8 centaurs
  5 crocodiles
  A big kobold (D:10)
  12 bullfrogs
  Dowan (D:7)
  4 scorpions
  A wyvern skeleton (D:8)
  5 wights (D:6)
  2 electric eels (D:9)
  3 howler monkeys
  4 crimson imps
  2 bullfrog zombies
  A gnoll shaman (D:4)
  10 hounds
  2 jellies
  A bullfrog skeleton (D:4)
  10 orc wizards
  11 orc priests
  An iguana (D:4)
  5 worker ants
  A hound skeleton (D:4)
  A howler monkey zombie (D:9)
  15 adders
  12 gnolls
  4 shadow imps
  3 oozes
  An adder zombie (D:7)
  3 worms (D:2)
  5 dart slugs
  8 leopard geckos
  56 orcs
  6 giant cockroaches
  6 goblins
  12 hobgoblins
  18 jackals
  9 kobolds
  5 quokkas
  A ball python skeleton (D:6)
  10 bats
  6 frilled lizards
  A jackal zombie (D:6)
  A quokka skeleton (D:5)
  A quokka zombie (D:6)
  8 rats
380 creatures vanquished.

Vanquished Creatures (others)
  3 slaves (D:6)
  A crimson imp (D:6)
  A hound skeleton (D:6)
  2 fungi (Lair:1)
  A plant (Lair:1)
8 creatures vanquished.

Grand Total: 388 creatures vanquished

Notes
Turn   | Place    | Note
-------+----------+-------------------------------------------
     0 | D:1      | feito the Merfolk Monk began the quest for the Orb.
     0 | D:1      | Reached XP level 1. HP: 18/18 MP: 1/1
    88 | D:1      | Reached XP level 2. HP: 18/24 MP: 2/2
   296 | D:1      | Reached skill level 5 in Polearms
   296 | D:1      | Reached XP level 3. HP: 30/30 MP: 3/3
   643 | D:2      | Reached XP level 4. HP: 24/37 MP: 4/4
   646 | D:2      | Reached skill level 6 in Polearms
  1168 | D:2      | Reached XP level 5. HP: 39/42 MP: 5/5
  1435 | D:2      | Reached skill level 7 in Polearms
  1768 | D:3      | Found a deep blue altar of Sif Muna.
  2096 | D:3      | Reached XP level 6. HP: 44/49 MP: 6/6
  2171 | D:3      | Found an iron altar of Okawaru.
  2180 | D:3      | Became a worshipper of Warmaster Okawaru
  2180 | D:3      | Reached * piety under Okawaru
  2180 | D:3      | Reached ** piety under Okawaru
  2360 | D:3      | Found a glowing golden altar of the Shining One.
  2449 | D:3      | Found a stormy altar of Qazlal.
  2592 | D:4      | Found a staircase to the Ecumenical Temple.
  2592 | D:4      | Noticed wazuzu's ghost (novice HOFi)
  2637 | D:4      | Reached skill level 5 in Dodging
  2687 | D:4      | Reached skill level 8 in Polearms
  3466 | D:4      | Found a glowing silver altar of Zin.
  3921 | D:4      | Found a white marble altar of Elyvilon.
  3991 | D:4      | Reached XP level 7. HP: 55/55 MP: 7/7
  4028 | D:4      | Reached skill level 5 in Fighting
  4028 | D:4      | Reached skill level 9 in Polearms
  4089 | D:4      | Got a bone hunting sling
  4090 | D:4      | Identified the +5 hunting sling of the Spider {venom, Fragile rN+ MR+ Int+4} (You found it on level 4 of the Dungeon)
  4695 | D:5      | Entered Level 5 of the Dungeon
  4921 | D:5      | Reached *** piety under Okawaru
  5098 | D:5      | Reached skill level 10 in Polearms
  5098 | D:5      | Reached XP level 8. HP: 64/64 MP: 8/8
  5108 | D:5      | Reached skill level 1 in Invocations
  5341 | D:6      | Noticed Pikel
  5392 | D:6      | Found a sparkling altar of Nemelex Xobeh.
  5414 | D:6      | Reached skill level 1 in Throwing
  5568 | D:6      | Killed Pikel
  5568 | D:6      | Reached **** piety under Okawaru
  5568 | D:6      | Reached skill level 11 in Polearms
  5568 | D:6      | Reached XP level 9. HP: 47/70 MP: 8/11
  6092 | D:6      | Reached skill level 12 in Polearms
  6405 | D:7      | Noticed Duvessa
  6405 | D:7      | Noticed Dowan
  6427 | D:7      | Noticed KristoblXynda's ghost (novice TeCj)
  6441 | D:7      | Killed Duvessa
  6453 | D:7      | Killed Dowan
  7277 | D:7      | Noticed Edmund
  7301 | D:7      | Killed Edmund
  7459 | D:7      | Killed KristoblXynda's ghost
  7459 | D:7      | Reached ***** piety under Okawaru
  7459 | D:7      | Reached skill level 13 in Polearms
  7459 | D:7      | Reached XP level 10. HP: 36/79 MP: 13/13
  7821 | D:7      | Got a crude scale mail
  7834 | D:7      | Identified the +6 scale mail of the Original Sin {Str+5 Dex-4} (You found it on level 7 of the Dungeon)
  8033 | D:8      | Found a radiant altar of Vehumet.
  8250 | D:8      | Reached skill level 5 in Invocations
  8853 | D:9      | Received a gift from Okawaru
  9043 | D:9      | Reached skill level 14 in Polearms
  9436 | D:9      | Reached skill level 5 in Throwing
  9712 | D:9      | Reached skill level 5 in Stealth
  9719 | D:9      | Reached XP level 11. HP: 76/86 MP: 15/15
  9721 | D:9      | Found a staircase to the Lair.
  9869 | D:9      | Received a gift from Okawaru
  9871 | D:9      | Got a pair of crude boots {god gift}
  9877 | D:9      | Identified the +2 pair of boots of Ywugh {rN+ Str+7 Dex-2} (Okawaru gifted it to you on level 9 of the Dungeon)
  9963 | Lair:1   | Entered Level 1 of the Lair of Beasts
 10083 | Lair:1   | Reached skill level 15 in Polearms
 10085 | Lair:1   | Noticed Sonja
 10091 | Lair:1   | Killed Sonja
 10344 | Lair:1   | Reached skill level 1 in Evocations
 11106 | Lair:1   | Reached skill level 16 in Polearms
 11184 | Lair:2   | Found a staircase to the Shoals.
 11184 | Lair:2   | Noticed a manticore
 11431 | Lair:1   | Killed a manticore
 11512 | Lair:2   | Found a staircase to the Snake Pit.
 11651 | Lair:2   | Received a gift from Okawaru
 11652 | Lair:2   | Reached XP level 12. HP: 75/96 MP: 13/16
 11993 | Lair:2   | Reached skill level 1 in Shields
 12355 | D:10     | Entered Level 10 of the Dungeon
 12538 | D:10     | Found a staircase to the Orcish Mines.
 12551 | D:10     | Reached ****** piety under Okawaru
 12558 | D:10     | Received a gift from Okawaru
 12563 | D:10     | Got a transparent glaive {god gift}
 12564 | D:10     | Identified the +8 glaive of Grontol {chop, Stlth+} (Okawaru gifted it to you on level 10 of the Dungeon)
 12837 | Orc:1    | Entered Level 1 of the Orcish Mines
 12860 | Orc:1    | Reached skill level 10 in Fighting
 13177 | Orc:2    | Entered Level 2 of the Orcish Mines
 13177 | Orc:2    | Found a staircase to the Elven Halls.
 13179 | Orc:2    | Found Macus's General Store.
 13179 | Orc:2    | Noticed an orc high priest
 13181 | Orc:2    | Noticed an orc warlord
 13183 | Orc:2    | Noticed an orc high priest
 13196 | Orc:1    | Killed an orc high priest
 13201 | Orc:2    | Noticed an orc high priest
 13225 | Orc:1    | Killed an orc warlord
 13225 | Orc:1    | Reached skill level 17 in Polearms
 13406 | Orc:2    | Noticed a sun demon
 13433 | Orc:2    | Killed an orc high priest
 13981 | D:11     | Noticed a four-headed hydra
 14011 | D:10     | Received a gift from Okawaru
 14011 | D:10     | Reached skill level 5 in Evocations
 14023 | D:10     | HP: 3/97 [eight-headed hydra (3)]
 14023 | D:10     | HP: 1/97 [eight-headed hydra (2)]
 14024 | D:10     | Slain by an eight-headed hydra

Vault maps used:
D:1:      lemuel_arrival_broad_hall, minmay_misc_feat_iff,
          kennysheep_another_room
D:2:      corexii_corridor_pit, minmay_tripent
D:3:      lemuel_coloured_pillars_altar, okawaru_trees_1,
          nicolae_overflow_crystal_walls, minmay_misc_feat_pillars,
          nicolae_tso_swordbearing_angel
D:4:      kennysheep_little_box, elyvilon_altar_1
D:5:      first_bread
D:6:      minivault_26, nemelex_dance_club_becter, uniq_edmund, uniq_pikel
D:7:      uniq_duvessa
D:8:      vehumet_altar_wand_db, grunt_pizzeria
D:9:      erik_lair_island
D:10:     minmay_orc_entry_guard_dogs
D:11:     grunt_dithmenos_shadows
Lair:1:   minivault_26, eino_small_chamber_without_monster,
          eino_small_chamber_without_monster, uniq_sonja
Lair:2:   minmay_shoals_entry_beasts, guppyfry_snake_entry_island,
          lemuel_fruit_fields
Orc:2:    grunt_orc_gardens, grunt_orc_garden, grunt_orc_garden,
          grunt_orc_garden, grunt_orc_garden

Skill      XL: |  1  2  3  4  5  6  7  8  9 10 11 12 |
---------------+-------------------------------------+-----
Polearms       | 5 6 7 8 10 11 13 14 16 17 | 17.2
Fighting       | 4 5 6 7 8 9 10 | 10.2
Dodging        | 5 6 7 8 9 |  9.4
Stealth        | 3 4 5 7 |  7.3
Invocations    | 3 4 6 |  6.5
Throwing       | 2 3 5 6 7 |  7.4
Evocations     | 3 5 |  5.0
Shields        | 3 |  3.0

Action                   |  1- 3 |  4- 6 |  7- 9 | 10-12 || total
-------------------------+-------+-------+-------+-------++-------
Melee: Spear             |   110 |   401 |   324 |       ||   835
       Halberd           |       |       |   242 |   647 ||   889
       Punch             |       |       |     2 |       ||     2
       Glaive            |       |       |       |   106 ||   106
 Fire: Blowgun           |       |     3 |     2 |    18 ||    23
Throw: Javelin           |       |       |       |     3 ||     3
Invok: Heroism           |       |     1 |     8 |    10 ||    19
       Finesse           |       |       |       |     1 ||     1
 Abil: Evoke Berserk Rag |       |       |       |     3 ||     3
Evoke: Wand              |       |       |     1 |       ||     1
  Use: Scroll            |       |     2 |     6 |     4 ||    12
       Potion            |       |       |       |     2 ||     2
 Stab: Sleeping          |       |     4 |     3 |    18 ||    25
       Distracted        |       |     1 |     2 |     2 ||     5
  Eat: Chunk             |       |     7 |     7 |    16 ||    30
       Meat ration       |       |     1 |       |     1 ||     2
       Pizza             |       |     1 |       |       ||     1
       Beef jerky        |       |       |     1 |     2 ||     3
       Royal jelly       |       |       |       |     1 ||     1
Armor: Ring mail         |    19 |    52 |    79 |   187 ||   337
Dodge: Dodged            |    42 |   166 |   291 |   474 ||   973
